 Dungeon Crawl Stone Soup version 0.23.2-11-gf996548c65 (webtiles) character file.

Game seed: 18304899768987436837

425 oddtail the Covered (level 7, -3/54 HPs)
             Began as a Human Fighter on June 4, 2019.
             Slain by an ogre
             ... wielding a +0 giant club
              (8 damage)
             ... on level 6 of the Dungeon.
             The game lasted 00:12:38 (1295 turns).

oddtail the Covered (Human Fighter)                 Turns: 1295, Time: 00:12:38

Health: -3/54      AC:  8    Str: 18    XL:     7   Next: 18%
Magic:  7/7        EV:  7    Int:  8    God:
Gold:   37         SH: 12    Dex: 13    Spells: 6/6 levels left

rFire    . . .     SeeInvis .   A - +2 flail (drain)
rCold    . . .     Gourm    .   c - +0 shield
rNeg     . . .     Faith    .   b - +0 scale mail
rPois    .         Spirit   .   w - +0 helmet
rElec    .         Reflect  +   (no cloak)
rCorr    .         Harm     .   (no gloves)
MR       .....                  (no boots)
Stlth    ..........             x - +3 amulet of reflection
HPRegen  0.18/turn              (no ring)
MPRegen  0.10/turn              (no ring)

@: drained
A: no striking features
a: no special abilities


You were on level 6 of the Dungeon.
You were full.

You visited 2 branches of the dungeon, and saw 7 of its levels.

You collected 37 gold pieces.

Inventory:

Hand Weapons
 a - a +0 trident
 e - a +0 spear of venom
 i - a +0 club
 l - a +0 dagger
 m - a +0 dagger
 n - a +0 dagger
 o - a +0 mace
 t - a +0 short sword
 v - a +0 dagger
 y - a +0 war axe
 A - a +2 flail of draining (weapon)
 B - a +0 flail
 C - a cursed +0 whip
 D - a +0 dagger
 F - a +0 dagger
Missiles
 g - 23 arrows
 k - 54 stones
 q - 8 steel javelins (quivered)
Armour
 b - a +0 scale mail (worn)
 c - a +0 shield (worn)
 j - a +0 naga barding
 p - a +0 scale mail
 s - a +0 leather armour
 w - a +0 helmet (worn)
 G - a +0 robe
Jewellery
 x - a +3 amulet of reflection (around neck)
 E - a cursed ring of teleportation {unknown}
Scrolls
 h - 3 scrolls of enchant weapon {unknown}
 r - a scroll of identify {unknown}
 z - a scroll of blinking {unknown}
Potions
 d - 3 potions of might
 u - 2 potions of curing {unknown}
Comestibles
 f - 4 rations


   Skills:
 + Level 4.1(3.5) Fighting
 + Level 0.5(0.0) Maces & Flails
 + Level 4.3(3.7) Polearms
 + Level 4.4(3.8) Armour
 + Level 1.1(0.6) Dodging
 + Level 4.2(3.6) Shields


You had 6 spell levels left.
You didn't know any spells.
Your spell library was empty.

Dungeon Overview and Level Annotations

Branches:
Dungeon (6/15)             Temple (1/1) D:4

Altars:
Ashenzari
Fedhas
Kikubaaqudgha
Makhleb
Okawaru
Sif Muna
Trog
Vehumet
Xom
Yredelemnul


Message History

An ogre comes into view. It is wielding a +0 giant club.
Found a stone staircase leading up.
There is a stone staircase leading up here.
You hit the ogre.
The ogre is lightly wounded.
You block the ogre's attack.
You hit the ogre. You drain the ogre.
The ogre is moderately wounded.
You block the ogre's attack.
You hit the ogre.
The ogre is moderately wounded.
The ogre hits you with a +0 giant club!
* * * LOW HITPOINT WARNING * * *
You hit the ogre but do no damage. You drain the ogre.
The ogre is moderately wounded.
You block the ogre's attack.
You sock the ogre! You drain the ogre.
The ogre is severely wounded.
The ogre hits you with a +0 giant club!
You die...

.# .# .#
#.##
#####...#
#.......####
#O.......
#@#######
#.# #.# #.#
#.# #<# #.#
...


You could see an ogre.

Vanquished Creatures
  An ogre (D:4)
  A scorpion (D:2)
  2 crimson imps
  An orc wizard (D:5)
  2 orc priests (D:5)
  A worker ant (D:4)
  Terence (D:2)
  A hound skeleton (D:4)
  3 gnolls (D:5)
  A worker ant zombie (D:5)
  An adder skeleton (D:5)
  3 leopard geckos
  2 orcs (D:5)
  4 goblins
  3 hobgoblins (D:1)
  6 jackals
  3 kobolds
  A quokka (D:2)
  2 ball pythons
  4 bats
  2 frilled lizards (D:1)
  A rat (D:1)
46 creatures vanquished.

Notes
Turn   | Place    | Note
-------+----------+-------------------------------------------
     0 | D:1      | oddtail the Human Fighter began the quest for the Orb.
     0 | D:1      | Reached XP level 1. HP: 18/18 MP: 1/1
   249 | D:1      | Reached XP level 2. HP: 17/24 MP: 2/2
   385 | D:2      | Noticed Terence
   398 | D:2      | Killed Terence
   398 | D:2      | Reached XP level 3. HP: 18/29 MP: 3/3
   509 | D:2      | Reached XP level 4. HP: 34/35 MP: 4/4
   621 | D:2      | Found a blossoming altar of Fedhas.
   674 | D:2      | Reached XP level 5. HP: 41/41 MP: 5/5
   779 | D:4      | Noticed an ogre
   786 | D:4      | Killed an ogre
   792 | D:4      | Reached XP level 6. HP: 11/48 MP: 6/6
   919 | D:4      | Found a staircase to the Ecumenical Temple.
   933 | Temple   | Entered the Ecumenical Temple
  1076 | D:5      | Entered Level 5 of the Dungeon
  1221 | D:5      | Reached skill level 1 in Dodging
  1244 | D:5      | Reached XP level 7. HP: 14/54 MP: 7/7
  1295 | D:6      | Slain by an ogre

Skill      XL: |  1  2  3  4  5  6 |
---------------+-------------------+-----
Polearms       | 3 4 |  4.3
Armour         | 4 |  4.4
Shields        | 4 |  4.2
Fighting       | 4 |  4.1
Dodging        | 1 |  1.1
Maces & Flails | |  0.5

Action                   |  1- 3 |  4- 6 |  7- 9 || total
-------------------------+-------+-------+-------++-------
Melee: Spear             |    78 |    77 |       ||   155
       Trident           |     2 |       |       ||     2
       Flail             |       |    19 |    12 ||    31
  Eat: Ration            |     1 |     1 |       ||     2
Armor: Scale mail        |    41 |    34 |     4 ||    79
Dodge: Dodged            |    19 |    24 |       ||    43
Block: Shield            |    34 |    33 |     7 ||    74
